TOP OF THE 1ST |
Lansing Lugnuts batting - Pitching for Bowling Green Hot Rods : RHP Noah Buchanan
|
Pitching: RHP Noah Buchanan
|
|
Batting: LHB Matt Goble
|
0-0: Ball 1-0: Foul Ball, location: 5SF 1-1: Swinging Strike 1-2: Foul Ball, location: 23F 1-2: Ball 2-2: Strikes out swinging
|
Batting: LHB Russ Durst
|
0-0: Ball 1-0: SINGLE (Flyball, 9S, EV 86.3 MPH)
|
Batting: LHB Pat Bruce
|
0-0: Ball 1-0: Called Strike 1-1: Ball 2-1: Ball 3-1: Base on Balls Russ Durst to second
|
Batting: LHB Nick Maruschak
|
0-0: Ball 1-0: Foul Ball, location: 2F 1-1: Called Strike 1-2: Foul Ball, location: 2RF 1-2: Foul Ball, location: 3SF 1-2: Ball 2-2: Foul Ball, location: 23FF 2-2: Ball 3-2: Strikes out swinging
|
Batting: LHB Sam Goings
|
0-0: Foul Ball, location: 7LSF 0-1: Ball 1-1: SINGLE (Line Drive, 6MD, EV 94.4 MPH) Russ Durst to third Pat Bruce to second Runner from 3rd tries for Home, SAFE, throw by CF to home
|
Batting: RHB Jesse Stewart
|
0-0: Ball 1-0: Ball 2-0: Called Strike 2-1: Ground out 4-3 (Groundball, 4, EV 83.1 MPH)
|
Top of the 1st over - 1 run, 2 hits, 0 errors, 2 left on base; Lansing 1 - Bowling Green 0 |
BOTTOM OF THE 1ST |
Bowling Green Hot Rods batting - Pitching for Lansing Lugnuts : RHP Dustin Marks
|
Pitching: RHP Dustin Marks
|
|
Batting: LHB Dave Van den Bussche
|
0-0: Ground out U3 (Groundball, 3, EV 80.6 MPH)
|
Batting: RHB Mike McBride
|
0-0: Foul Ball, location: 2F 0-1: Foul Ball, location: 2F 0-2: Ball 1-2: Strikes out swinging
|
Batting: LHB B.J. Helsabeck
|
0-0: Called Strike 0-1: Foul Ball, location: 5F 0-2: SINGLE (Groundball, 34D, EV 110.0 MPH)
|
Batting: LHB Ruben Macias
|
0-0: Ball 1-0: Foul Ball, location: 3F 1-1: Ball 2-1: Fly out, F8 (Line Drive, 8RS, EV 94.4 MPH)
|
Bottom of the 1st over - 0 runs, 1 hit, 0 errors, 1 left on base; Lansing 1 - Bowling Green 0 |
TOP OF THE 2ND |
Lansing Lugnuts batting - Pitching for Bowling Green Hot Rods : RHP Noah Buchanan
|
Batting: RHB Hector Amador
|
0-0: Foul Ball, location: 2F 0-1: Called Strike 0-2: Fly out, F9 (Flyball, 9, EV 86.3 MPH)
|
Batting: LHB Billy Morales
|
0-0: Ball 1-0: Foul Ball, location: 2F 1-1: TRIPLE (Flyball, 89XD, EV 95.0 MPH)
|
Batting: RHB Ray Domas
|
0-0: Called Strike 0-1: Ground out 5-3 (Groundball, 56S, EV 85.6 MPH) Billy Morales scores
|
Batting: LHB Matt Goble
|
0-0: Ball 1-0: Called Strike 1-1: Ground out 4-3 (Groundball, 4, EV 101.9 MPH)
|
Top of the 2nd over - 1 run, 1 hit, 0 errors, 0 left on base; Lansing 2 - Bowling Green 0 |
BOTTOM OF THE 2ND |
Bowling Green Hot Rods batting - Pitching for Lansing Lugnuts : RHP Dustin Marks
|
Batting: RHB Vincent Hattie
|
0-0: Called Strike 0-1: Ball 1-1: Ball 2-1: Swinging Strike 2-2: Foul Ball, location: 5FF 2-2: SINGLE (Groundball, 4MD, EV 96.9 MPH)
|
Batting: LHB Alex Gomez
|
0-0: Ball 1-0: Swinging Strike 1-1: Fielders Choice at 2nd, 6-4 (Groundball, 6, EV 84.4 MPH)
|
Batting: LHB Ricky Suarez
|
0-0: Called Strike Pickoff Throw to First - Out! 1-3 0-1: SINGLE (Groundball, 6D, EV 100.6 MPH)
|
Batting: RHB Jason Crawford
|
0-0: Called Strike Ricky Suarez steals 2nd base 0-1: DOUBLE (Line Drive, 7LM, EV 105.6 MPH) Ricky Suarez scores
|
Batting: RHB Joe Buzard
|
0-0: Ball 1-0: SINGLE (Line Drive, 78S, EV 104.4 MPH) Jason Crawford to third
|
Batting: LHB Dave Van den Bussche
|
0-0: Called Strike 0-1: Foul Ball, location: 2F 0-2: Foul Ball, location: 2F 0-2: Ball 1-2: Ball 2-2: Ball 3-2: Strikes out looking
|
Bottom of the 2nd over - 1 run, 4 hits, 0 errors, 2 left on base; Lansing 2 - Bowling Green 1 |
TOP OF THE 3RD |
Lansing Lugnuts batting - Pitching for Bowling Green Hot Rods : RHP Noah Buchanan
|
Batting: LHB Russ Durst
|
0-0: Ball 1-0: Swinging Strike 1-1: Foul Ball, location: 2F 1-2: Strikes out looking
|
Batting: LHB Pat Bruce
|
0-0: Ball 1-0: Ball 2-0: Ball 3-0: Called Strike 3-1: Swinging Strike 3-2: Fly out, F8 (Flyball, 89S, EV 85.0 MPH)
|
Batting: LHB Nick Maruschak
|
0-0: Ball 1-0: Ball 2-0: Called Strike 2-1: Ball 3-1: Base on Balls
|
Batting: LHB Sam Goings
|
0-0: Fly out, F8 (Flyball, 78D, EV 92.5 MPH)
|
Top of the 3rd over - 0 runs, 0 hits, 0 errors, 1 left on base; Lansing 2 - Bowling Green 1 |
BOTTOM OF THE 3RD |
Bowling Green Hot Rods batting - Pitching for Lansing Lugnuts : RHP Dustin Marks
|
Batting: RHB Mike McBride
|
0-0: Ball 1-0: SINGLE (Line Drive, 5D, EV 98.1 MPH)
|
Batting: LHB B.J. Helsabeck
|
0-0: Ball 1-0: Called Strike 1-1: Fly out, F5 (Popup, 5SF, EV 81.3 MPH)
|
Batting: LHB Ruben Macias
|
0-0: Swinging Strike 0-1: Called Strike 0-2: Ball 1-2: Strikes out swinging
|
Batting: RHB Vincent Hattie
|
0-0: Called Strike 0-1: Ball 1-1: Foul Ball, location: 2F 1-2: Ball 2-2: Foul Ball, location: 5SF 2-2: Ball 3-2: Strikes out looking
|
Bottom of the 3rd over - 0 runs, 1 hit, 0 errors, 1 left on base; Lansing 2 - Bowling Green 1 |
TOP OF THE 4TH |
Lansing Lugnuts batting - Pitching for Bowling Green Hot Rods : RHP Noah Buchanan
|
Batting: RHB Jesse Stewart
|
0-0: Called Strike 0-1: Swinging Strike 0-2: Strikes out swinging
|
Batting: RHB Hector Amador
|
0-0: Ground out 6-3 (Groundball, 6, EV 101.9 MPH)
|
Batting: LHB Billy Morales
|
0-0: Ground out U3 (Groundball, 3, EV 83.1 MPH)
|
Top of the 4th over - 0 runs, 0 hits, 0 errors, 0 left on base; Lansing 2 - Bowling Green 1 |
BOTTOM OF THE 4TH |
Bowling Green Hot Rods batting - Pitching for Lansing Lugnuts : RHP Dustin Marks
|
Batting: LHB Alex Gomez
|
0-0: Called Strike 0-1: Ball 1-1: Foul Ball, location: 2F 1-2: Ground out U3 (Groundball, 3, EV 81.9 MPH)
|
Batting: LHB Ricky Suarez
|
0-0: Ball 1-0: Ball 2-0: Ball 3-0: Called Strike 3-1: Foul Ball, location: 2F 3-2: Ground out U3 (Groundball, 3, EV 85.6 MPH)
|
Batting: RHB Jason Crawford
|
0-0: Ground out 5-3 (Groundball, 56S, EV 94.4 MPH)
|
Bottom of the 4th over - 0 runs, 0 hits, 0 errors, 0 left on base; Lansing 2 - Bowling Green 1 |
TOP OF THE 5TH |
Lansing Lugnuts batting - Pitching for Bowling Green Hot Rods : RHP Noah Buchanan
|
Batting: RHB Ray Domas
|
0-0: Swinging Strike 0-1: Swinging Strike 0-2: SINGLE (Flyball, 3D, EV 106.9 MPH)
|
Batting: LHB Matt Goble
|
0-0: Fielders Choice at 2nd, 6-4 (Groundball, 6, EV 83.8 MPH)
|
Batting: LHB Russ Durst
|
0-0: Foul Ball, location: 9LSF 0-1: Fly out, F9 (Flyball, 89S, EV 93.8 MPH)
|
Batting: LHB Pat Bruce
|
0-0: Called Strike Matt Goble is caught stealing 2nd base 2-6
|
Top of the 5th over - 0 runs, 1 hit, 0 errors, 0 left on base; Lansing 2 - Bowling Green 1 |
BOTTOM OF THE 5TH |
Bowling Green Hot Rods batting - Pitching for Lansing Lugnuts : RHP Dustin Marks
|
Pitching: LHP Winston Lucero
|
|
Batting: RHB Joe Buzard
|
0-0: Fly out, F3 (Popup, 3SF, EV 65.0 MPH)
|
Batting: LHB Dave Van den Bussche
|
0-0: Ball 1-0: Fly out, F9 (Flyball, 9, EV 96.3 MPH)
|
Batting: RHB Mike McBride
|
0-0: Called Strike 0-1: Ball 1-1: SINGLE (Line Drive, 4MD, EV 98.1 MPH)
|
Batting: LHB B.J. Helsabeck
|
0-0: Ball 1-0: Fielders Choice at 2nd, 5-4 (Groundball, 56, EV 107.5 MPH)
|
Bottom of the 5th over - 0 runs, 1 hit, 0 errors, 1 left on base; Lansing 2 - Bowling Green 1 |
TOP OF THE 6TH |
Lansing Lugnuts batting - Pitching for Bowling Green Hot Rods : RHP Noah Buchanan
|
Batting: LHB Pat Bruce
|
0-0: Ball 1-0: Ball 2-0: Foul Ball, location: 5F 2-1: Ball 3-1: Base on Balls
|
Batting: LHB Nick Maruschak
|
0-0: Called Strike 0-1: Ball 1-1: DOUBLE (Groundball, 3L, EV 106.3 MPH) Pat Bruce to third
|
Batting: LHB Sam Goings
|
0-0: Called Strike 0-1: Foul Ball, location: 3SF 0-2: Ball 1-2: Ball 2-2: Ball 3-2: Foul Ball, location: 5FF 3-2: Strikes out swinging
|
Batting: RHB Jesse Stewart
|
0-0: Ball 1-0: Called Strike 1-1: Foul Ball, location: 2LF 1-2: Ball 2-2: Strikes out swinging
|
Batting: RHB Hector Amador
|
0-0: Foul Ball, location: 25F 0-1: Ball 1-1: Foul Ball, location: 3F 1-2: SINGLE (Line Drive, 89M, EV 87.5 MPH) Pat Bruce scores Nick Maruschak to third Runner from 3rd tries for Home, SAFE, throw by RF to home
|
Batting: LHB Billy Morales
|
0-0: Ball 1-0: Ball 2-0: Ball 3-0: Base on Balls Hector Amador to second
|
Pitching: RHP Ben Goldstein
|
|
Batting: RHB Ray Domas
|
0-0: Ball 1-0: Ball 2-0: Ball 3-0: Called Strike 3-1: Called Strike 3-2: Strikes out swinging
|
Top of the 6th over - 2 runs, 2 hits, 0 errors, 2 left on base; Lansing 4 - Bowling Green 1 |
BOTTOM OF THE 6TH |
Bowling Green Hot Rods batting - Pitching for Lansing Lugnuts : LHP Winston Lucero
|
Batting: LHB Ruben Macias
|
0-0: Called Strike 0-1: Ball 1-1: Ball 2-1: Foul Ball, location: 7LDF 2-2: Ball 3-2: Foul Ball, location: 3F 3-2: Base on Balls
|
Batting: RHB Vincent Hattie
|
0-0: Called Strike 0-1: Ball 1-1: Foul Ball, location: 9LDF 1-2: Ball 2-2: Foul Ball, location: 5SF 2-2: Fly out, F7 (Flyball, 7D, EV 94.4 MPH)
|
Batting: LHB Alex Gomez
|
0-0: Ball 1-0: Ball 2-0: Ball 3-0: Base on Balls Ruben Macias to second
|
Batting: LHB Ricky Suarez
|
0-0: Fly out, F8 (Flyball, 8LXD, EV 95.6 MPH)
|
Batting: RHB Jason Crawford
|
0-0: Ball 1-0: Foul Ball, location: 2F 1-1: Called Strike 1-2: Strikes out swinging
|
Bottom of the 6th over - 0 runs, 0 hits, 0 errors, 2 left on base; Lansing 4 - Bowling Green 1 |
TOP OF THE 7TH |
Lansing Lugnuts batting - Pitching for Bowling Green Hot Rods : RHP Ben Goldstein
|
Batting: LHB Matt Goble
|
0-0: Swinging Strike 0-1: Ball 1-1: Ground out 4-3 (Groundball, 4, EV 100.6 MPH)
|
Batting: LHB Russ Durst
|
0-0: Swinging Strike 0-1: Ground out U3 (Groundball, 3, EV 106.3 MPH)
|
Batting: LHB Pat Bruce
|
0-0: Called Strike 0-1: Ball 1-1: Called Strike 1-2: Strikes out looking
|
Top of the 7th over - 0 runs, 0 hits, 0 errors, 0 left on base; Lansing 4 - Bowling Green 1 |
BOTTOM OF THE 7TH |
Bowling Green Hot Rods batting - Pitching for Lansing Lugnuts : LHP Winston Lucero
|
Batting: RHB Joe Buzard
|
0-0: Swinging Strike 0-1: Foul Ball, location: 9LDF 0-2: Foul Ball, location: 9LMF 0-2: Strikes out swinging
|
Batting: LHB Dave Van den Bussche
|
0-0: Called Strike 0-1: Ball 1-1: Called Strike 1-2: SOLO HOME RUN (Flyball, 9D, EV 94.4 MPH), Distance : 348 ft
|
Batting: RHB Mike McBride
|
0-0: Ball 1-0: Ball 2-0: Foul Ball, location: 2F 2-1: Fly out, F7 (Flyball, 78M, EV 87.5 MPH)
|
Batting: LHB B.J. Helsabeck
|
0-0: Ball 1-0: Ball 2-0: Ball 3-0: Called Strike 3-1: Base on Balls
|
Batting: LHB Ruben Macias
|
0-0: Ground out 1-3 (Groundball, 34S, EV 67.5 MPH)
|
Bottom of the 7th over - 1 run, 1 hit, 0 errors, 1 left on base; Lansing 4 - Bowling Green 2 |
TOP OF THE 8TH |
Lansing Lugnuts batting - Pitching for Bowling Green Hot Rods : RHP Ben Goldstein
|
Batting: LHB Nick Maruschak
|
0-0: Ball 1-0: Ground out 4-3 (Groundball, 4, EV 84.4 MPH)
|
Batting: LHB Sam Goings
|
0-0: Reached on error, E6 (Groundball, 6, EV 103.1 MPH)
|
Batting: RHB Jesse Stewart
|
0-0: SINGLE (Groundball, 34D, EV 103.1 MPH) Sam Goings to second Runner from 2nd tries for 3rd, SAFE, throw by RF made to third
|
Batting: RHB Hector Amador
|
0-0: Foul Ball, location: 5SF 0-1: Called Strike 0-2: Strikes out swinging
|
Batting: LHB Billy Morales
|
0-0: Swinging Strike 0-1: Ground out 4-3 (Groundball, 34, EV 108.8 MPH)
|
Top of the 8th over - 0 runs, 1 hit, 1 error, 2 left on base; Lansing 4 - Bowling Green 2 |
BOTTOM OF THE 8TH |
Bowling Green Hot Rods batting - Pitching for Lansing Lugnuts : LHP Winston Lucero
|
Pitching: RHP John Liley
|
|
Batting: RHB Vincent Hattie
|
0-0: Called Strike 0-1: Called Strike 0-2: Ball 1-2: Ball 2-2: TRIPLE (Line Drive, 78XD, EV 101.3 MPH)
|
Batting: LHB Alex Gomez
|
0-0: Ball 1-0: Ball 2-0: Swinging Strike 2-1: Ball 3-1: Base on Balls
|
Batting: LHB Ricky Suarez
|
0-0: Called Strike 0-1: Ball 1-1: Foul Ball, location: 25F 1-2: Ball 2-2: Foul Ball, location: 2F 2-2: Strikes out swinging
|
Batting: RHB Jason Crawford
|
0-0: Ball 1-0: SINGLE (Line Drive, 6D, EV 97.5 MPH) Vincent Hattie scores Alex Gomez to second
|
Pinch Hitting: LHB Robbie Martel
|
0-0: Called Strike 0-1: Ball 1-1: Fly out, F2 (Popup, 13S, EV 81.9 MPH)
|
Batting: LHB Dave Van den Bussche
|
0-0: Swinging Strike 0-1: Fly out, F8 (Flyball, 89D, EV 95.6 MPH)
|
Bottom of the 8th over - 1 run, 2 hits, 0 errors, 2 left on base; Lansing 4 - Bowling Green 3 |
TOP OF THE 9TH |
Lansing Lugnuts batting - Pitching for Bowling Green Hot Rods : RHP Ben Goldstein
|
Now at 3B: Robbie Martel
|
|
Batting: RHB Ray Domas
|
0-0: Called Strike 0-1: Foul Ball, location: 2F 0-2: SINGLE (Line Drive, 56, EV 96.9 MPH)
|
Batting: LHB Matt Goble
|
0-0: DOUBLE (Line Drive, 89M, EV 99.4 MPH) Ray Domas to third
|
Batting: LHB Russ Durst
|
0-0: Ball 1-0: Foul Ball, location: 2F 1-1: Swinging Strike 1-2: Ball 2-2: Strikes out swinging
|
Pitching: LHP John Milligan
|
|
Batting: LHB Pat Bruce
|
0-0: Ball 1-0: Swinging Strike 1-1: Called Strike 1-2: Ball 2-2: Fly out, F8 (Flyball, 78M, EV 77.5 MPH) Runner from 3rd tags up, SCORES, no throw by CF
|
Batting: LHB Nick Maruschak
|
0-0: Called Strike Matt Goble steals 3rd base 0-1: Ball 1-1: Swinging Strike 1-2: Foul Ball, location: 2RF, Error on foul ball, E2 1-2: Ball 2-2: Fly out, F8 (Flyball, 8LXD, EV 100.0 MPH)
|
Top of the 9th over - 1 run, 2 hits, 1 error, 1 left on base; Lansing 5 - Bowling Green 3 |
BOTTOM OF THE 9TH |
Bowling Green Hot Rods batting - Pitching for Lansing Lugnuts : RHP John Liley
|
Now in CF: Benny Schallhorn
|
|
Batting: RHB Mike McBride
|
0-0: Swinging Strike 0-1: Swinging Strike 0-2: Strikes out swinging
|
Batting: LHB B.J. Helsabeck
|
0-0: Ball 1-0: Ball 2-0: DOUBLE (Groundball, 5L, EV 95.6 MPH)
|
Batting: LHB Ruben Macias
|
0-0: Swinging Strike 0-1: Called Strike 0-2: Hit by Pitch
|
Batting: RHB Vincent Hattie
|
0-0: Fly out, F7 (Line Drive, 7, EV 86.3 MPH)
|
Batting: LHB Alex Gomez
|
0-0: Fielders Choice at 2nd, 6-4 (Groundball, 6, EV 105.6 MPH)
|
Bottom of the 9th over - 0 runs, 1 hit, 0 errors, 2 left on base; Lansing 5 - Bowling Green 3 |
|